 Dungeon Crawl Stone Soup version 0.28-a0-8-g6e044cfa68 (webtiles) character file.

Game seed: 16239711306968741306

11207 MovingMist the Nimble (level 11, -1/71 HPs)
             Began as a Gargoyle Fighter on July 22, 2021.
             Was a High Priest of Okawaru.
             Slain by an eight-headed hydra (3 damage)
             ... on level 9 of the Dungeon on July 24, 2021.
             The game lasted 00:21:10 (14334 turns).

MovingMist the Nimble (Gargoyle Fighter)           Turns: 14334, Time: 00:21:11

Health: -1/71      AC: 28    Str: 22    XL:     11   Next: 74%
Magic:  11/11      EV:  7    Int:  9    God:    Okawaru [*****.]
Gold:   642        SH:  9    Dex: 12    Spells: 4/10 levels left

rFire   . . .      SeeInvis +   v - +2 whip (venom)
rCold   . . .      Faith    .   c - +0 kite shield
rNeg    + . .      Spirit   .   H - +0 plate armour
rPois   ∞          Reflect  .   l - +0 helmet
rElec   +          Harm     .   (no cloak)
rCorr   .          Rampage  .   G - +0 pair of gloves
Will    .....                   q - +0 pair of boots
Stlth   ..........              f - amulet of magic regeneration
HPRegen 0.21/turn               x - ring of see invisible
MPRegen 0.37/turn               (no ring)

@: no status effects
A: sickness immunity, AC +8, negative energy resistance 1, electricity
resistance, torment resistance 1, petrification resistance, iridescent scales 1,
strong 1, evolution 1
a: Renounce Religion, Heroism, Finesse


You were on level 9 of the Dungeon.
You worshipped Okawaru.
Okawaru was extremely pleased with you.
You visited 3 branches of the dungeon, and saw 11 of its levels.

You collected 642 gold pieces.

Inventory:

Hand Weapons
 v - a +2 whip of venom (weapon)
Missiles
 m - a throwing net (quivered)
Armour
 c - a +0 kite shield (worn)
 l - a +0 helmet (worn)
 q - a +0 pair of boots (worn)
 G - a +0 pair of gloves (worn)
 H - a +0 plate armour (worn)
Jewellery
 f - an amulet of magic regeneration (around neck)
 i - an amulet of faith
 w - a ring of fire
 x - a ring of see invisible (left hand)
Wands
 D - a wand of iceblast (18)
 E - a wand of paralysis (7)
 F - a wand of acid (11)
Scrolls
 e - a scroll of enchant armour
 g - 2 scrolls of amnesia
 k - 6 scrolls of fog
 n - 2 scrolls of magic mapping
 o - a scroll of vulnerability {unknown}
 p - 3 scrolls of noise
 r - 2 scrolls of acquirement {unknown}
 s - a scroll of enchant weapon {unknown}
 u - 2 scrolls of teleportation {unknown}
 y - a scroll of fear {unknown}
 z - a scroll of immolation {unknown}
 A - a scroll of torment {unknown}
 B - a scroll of brand weapon {unknown}
 L - a scroll of summoning {unknown}
 N - 3 scrolls of identify
Potions
 a - a potion of lignification
 b - a potion of attraction
 d - a potion of might
 h - 4 potions of heal wounds
 j - 3 potions of curing
 t - a potion of flight
 C - a potion of brilliance {unknown}
 I - a potion of haste
 J - 3 potions of mutation
 K - a potion of ambrosia {unknown}
 M - a potion of magic
 O - 2 potions of invisibility {unknown}


   Skills:
 + Level 9.6 Fighting
 + Level 8.5 Maces & Flails
 + Level 9.6 Armour
 * Level 9.7 Dodging
 - Level 3.2 Shields


You had 4 spell levels left.
You knew the following spells:

 Your Spells              Type           Power      Damage    Failure   Level
a - Mephitic Cloud        Conj/Pois/Air  0%         N/A       100%        3
b - Confusing Touch       Hex            0%         N/A       100%        3

Your spell library contained the following spells:

 Spells                   Type           Power      Damage    Failure   Level
 Animate Skeleton         Necr           0%         N/A       100%        1
 Apportation              Tloc           0%         N/A       100%        1
 Beastly Appendage        Tmut           0%         N/A       100%        1
 Pain                     Necr           0%         1d4       100%        1
 Ensorcelled Hibernation  Hex/Ice        0%         N/A       100%        2
 Poisonous Vapours        Pois/Air       0%         N/A       100%        2
 Slow                     Hex            0%         N/A       100%        2
 Wereblood                Tmut           0%         N/A       100%        2
 Spider Form              Tmut/Pois      0%         N/A       100%        3
 Vampiric Draining        Necr           0%         2d6       100%        3
 Fulminant Prism          Conj/Hex       0%         3d6       100%        4
 Iskenderun's Mystic Bla  Conj/Tloc      0%         2d3       100%        4
 Alistair's Intoxication  Tmut/Pois      0%         N/A       100%        5
 Freezing Cloud           Conj/Ice/Air   0%         6-21      100%        5
 Lee's Rapid Deconstruct  Erth           0%         3d5*      100%        5
 Invisibility             Hex            0%         N/A       100%        6
 Shadow Creatures         Summ           N/A        N/A       100%        6


Dungeon Overview and Level Annotations

Branches:
Dungeon (9/15)             Temple (1/1) D:7            Lair (1/6) D:9
    Orc: D:9-12

Altars:
Ashenzari
Cheibriados
Dithmenos
Elyvilon
Fedhas
Gozag
Hepliaklqana
Kikubaaqudgha
Makhleb
Nemelex Xobeh
Okawaru
Qazlal
Ru
Sif Muna
Trog
Uskayaw
Vehumet
Wu Jian
Xom
Yredelemnul
Zin
The Shining One


Innate Abilities, Weirdness & Mutations

You are immune to sickness and miasma.
Your stone body is resilient. (AC +8)
You are immune to poison.
You resist negative energy. (rN+)
You are resistant to electric shocks. (rElec)
You are resistant to unholy torment.
You are immune to petrification.
You are partially covered in iridescent scales. (AC +2)
Your muscles are strong. (Str +2)
You evolve.


Message History

The cane toad stings the fungus!!
The fungus begins to die.
You block the eight-headed hydra's attack. x2
The eight-headed hydra barely misses you.
The eight-headed hydra bites you but does no damage.
The eight-headed hydra barely misses you.
The eight-headed hydra bites you.
* * * LOW HITPOINT WARNING * * *
The eight-headed hydra closely misses you.
The eight-headed hydra bites you!
* * * LOW HITPOINT WARNING * * *
You whack the eight-headed hydra!
The eight-headed hydra is lightly wounded.
The cane toad stings the fungus.
The eight-headed hydra barely misses you.
The eight-headed hydra bites you but does no damage. x2
You block the eight-headed hydra's attack.
The eight-headed hydra closely misses you.
The eight-headed hydra bites you but does no damage. x3
Unknown command.
You hit the eight-headed hydra.
The eight-headed hydra is moderately wounded.
The cane toad stings the fungus!
You hit the eight-headed hydra.
The eight-headed hydra is moderately wounded.
A nearby fungus withers and dies.
The eight-headed hydra closely misses you.
The eight-headed hydra bites you but does no damage.
The eight-headed hydra bites you.
* * * LOW HITPOINT WARNING * * *
You block the eight-headed hydra's attack.
The eight-headed hydra bites you but does no damage. x3
The eight-headed hydra barely misses you.
A nearby fungus withers and dies.
The eight-headed hydra barely misses you.
You block the eight-headed hydra's attack. x2
The eight-headed hydra bites you!
* * * LOW HITPOINT WARNING * * *
The eight-headed hydra bites you but does no damage. x3
The eight-headed hydra bites you.
You die...

.# ###### ########.### .# #....#
##### #...# .# #....#######...#
#.#.# '#####...#...≈...#..#
#######+# ...........#...#....#
#........ ..........##P.P##...#
#........ ........#..PPP....#.#
#...§§... ........#≈...>.F.≈#.#
#...§≈≈≈≈
........#....P.D@.#.#####...§..≈.
..........##.P.##.......#......≈.
...........#...#.....##.'(.§≈≈§≈≈
#######..#...≈...#.....##......≈.
#...#######......##......≈. #####
#.#....##....≈§≈≈
#.......#........ ##########
###...###........ #_......_#
#.....#........


You could see an eight-headed hydra (poisoned) and a cane toad (poisoned).

Vanquished Creatures
  A two-headed ogre (D:8)
  2 cane toads
  A rime drake (Lair:1)
  A komodo dragon (Lair:1)
  4 kobold demonologists
  8 blink frogs (Lair:1)
  20 yaks
  3 wyverns
  2 basilisks (Lair:1)
  A steam dragon (D:8)
  A water moccasin (Lair:1)
  2 sky beasts (D:7)
  4 orc warriors
  A necrophage (D:8)
  2 ogres
  A wolf (Lair:1)
  5 centaurs
  A phantom (D:5)
  5 bullfrogs
  2 kobold brigands (D:8)
  A scorpion (D:4)
  A wyvern skeleton (D:6)
  A howler monkey (D:7)
  A bullfrog zombie (D:6)
  A hound (D:5)
  A jelly (D:6)
  4 centaur skeletons
  3 orc priests
  3 iguanas
  8 orc wizards
  6 hell rats (Lair:1)
  2 killer bee zombies
  A hound skeleton (D:5)
  Robin (D:2)
  8 gnolls
  A howler monkey skeleton (D:7)
  10 adders
  A white imp (D:5)
  An ufetubus (D:6)
  2 worms (D:2)
  2 dart slugs
  22 orcs
  7 endoplasms
  8 giant cockroaches
  13 goblins
  9 hobgoblins
  8 jackals
  6 quokkas
  2 ball pythons
  A bat (D:2)
  A frilled lizard (D:2)
  6 kobolds
  6 rats
215 creatures vanquished.

Vanquished Creatures (others)
  6 fungi
  6 plants
12 creatures vanquished.

Grand Total: 227 creatures vanquished

Notes
Turn   | Place    | Note
-------+----------+-------------------------------------------
     0 | D:1      | MovingMist the Gargoyle Fighter began the quest for the
                  | Orb.
     0 | D:1      | Reached XP level 1. HP: 14/14 MP: 1/1
   702 | D:1      | Found a faded altar of an unknown god.
   889 | D:1      | Reached XP level 2. HP: 17/19 MP: 2/2
  1017 | D:2      | Found a glowing silver altar of Zin.
  1084 | D:2      | Reached skill level 1 in Dodging
  1132 | D:2      | Reached XP level 3. HP: 21/23 MP: 3/3
  1666 | D:2      | Reached XP level 4. HP: 26/29 MP: 4/4
  1674 | D:2      | Learned a level 3 spell: Mephitic Cloud
  2198 | D:3      | Noticed Robin
  2632 | D:2      | Killed Robin
  2736 | D:3      | Reached XP level 5. HP: 20/33 MP: 5/5
  3091 | D:3      | Noticed a centaur
  3103 | D:3      | Killed a centaur
  3104 | D:3      | Reached XP level 6. HP: 13/38 MP: 6/6
  4261 | D:4      | Reached XP level 7. HP: 44/44 MP: 7/7
  4445 | D:4      | Reached skill level 5 in Fighting
  4582 | D:4      | Gained mutation: You evolve. [mutagenic glow]
  4786 | D:5      | Entered Level 5 of the Dungeon
  4812 | D:5      | Reached skill level 5 in Armour
  5351 | D:5      | Noticed a yak
  5351 | D:5      | Noticed a yak
  5351 | D:5      | Noticed a yak
  5351 | D:5      | Noticed a yak
  5386 | D:4      | Killed a yak
  5387 | D:4      | Reached XP level 8. HP: 22/50 MP: 8/8
  5576 | D:4      | Killed a yak
  5586 | D:4      | Killed a yak
  5587 | D:4      | Reached skill level 5 in Dodging
  5601 | D:4      | Killed a yak
  5835 | D:4      | Reached skill level 5 in Maces & Flails
  6428 | D:5      | Reached XP level 9. HP: 30/56 MP: 9/9
  6594 | D:5      | Identified the +0 scale mail of Distant Worlds {Fly Int+9
                  | Slay-2 Stlth+}
  6703 | D:6      | Found a white marble altar of Elyvilon.
  7025 | D:6      | Identified the +3 ring mail "Limebet" {Int+3 Dex+4}
  7854 | D:7      | Found a staircase to the Ecumenical Temple.
  7874 | Temple   | Entered the Ecumenical Temple
  8097 | Temple   | Became a worshipper of Warmaster Okawaru
  8769 | D:8      | Noticed a kobold demonologist
  8769 | D:8      | Noticed a kobold demonologist
  8773 | D:8      | Noticed a kobold demonologist
  8778 | D:8      | Noticed a rust devil
  8779 | D:8      | Noticed a kobold demonologist
  8785 | D:8      | Noticed a hellwing
  8793 | D:7      | Killed a kobold demonologist
  8799 | D:7      | Noticed a rust devil
  8801 | D:7      | Killed a kobold demonologist
  8801 | D:7      | Reached * piety under Okawaru
  8825 | D:8      | Killed a kobold demonologist
  8834 | D:8      | Noticed a rust devil
  8845 | D:7      | Killed a kobold demonologist
  8846 | D:7      | Reached XP level 10. HP: 40/63 MP: 10/10
  9001 | D:8      | Reached ** piety under Okawaru
  9194 | D:8      | Noticed a two-headed ogre
  9235 | D:8      | HP: 2/64 [two-headed ogre (11)]
  9236 | D:8      | Killed a two-headed ogre
  9241 | D:7      | HP: 2/64 [howler monkey (1)]
  9466 | D:7      | Gained mutation: You are partially covered in iridescent
                  | scales. (AC +2) [evolution]
  9800 | D:8      | Found a burning altar of Makhleb.
  9838 | D:8      | Reached *** piety under Okawaru
 10063 | D:8      | Learned a level 3 spell: Confusing Touch
 10535 | D:9      | Found a staircase to the Lair.
 11503 | D:9      | Found a hide-covered altar of Uskayaw.
 11503 | D:9      | Found a basalt altar of Yredelemnul.
 11503 | D:9      | Found a shimmering blue altar of Sif Muna.
 11503 | D:9      | Found an ancient bone altar of Kikubaaqudgha.
 11510 | D:9      | Found an opulent altar of Gozag.
 11510 | D:9      | Found a shadowy altar of Dithmenos.
 11796 | Lair:1   | Entered Level 1 of the Lair of Beasts
 11903 | Lair:1   | Reached **** piety under Okawaru
 11904 | Lair:1   | Reached XP level 11. HP: 53/69 MP: 11/11
 13144 | Lair:1   | Gained mutation: Your muscles are strong. (Str +2)
                  | [evolution]
 13146 | Lair:1   | Reached ***** piety under Okawaru
 13465 | Lair:1   | HP: 2/71 [cane toad (3)]
 14059 | Lair:1   | Noticed an eight-headed hydra
 14313 | D:9      | Upgraded the game from 0.28-a0-2-g643f2454ad to
                  | 0.28-a0-8-g6e044cfa68
 14334 | D:9      | HP: 2/71 [eight-headed hydra (9)]
 14334 | D:9      | Slain by an eight-headed hydra

Illustrated notes

Levels and vault maps discovered:
D:1:      lightli_arrival_maybe_door_vault, layout_basic,
          shapermc_ecumenical_altar_totnotflames
D:2:      minmay_razor_zed, layout_rooms, basic_altar
D:3:      layout_rooms, serial_curves, eino_curves_01, eino_curves_04,
          uniq_robin
D:4:      layout_loops_corners, gup_sewer_entry_pipe, minmay_puff
D:5:      layout_gridville
D:6:      layout_basic, nicolae_elyvilon_peaceful_grove
D:7:      layout_basic, minmay_temple_entry_ruins
D:8:      layout_rooms, kennysheep_mini_moat, minmay_starry_boxes
D:9:      layout_basic, minmay_overflow_temple_hex, dpeg_oklobed_lair,
          kennysheep_generic_room_16
Temple:   minmay_temple_curvy_branch
Lair:1:   layout_gridlike, beast_lair_carwin_8

Skill      XL: |  1  2  3  4  5  6  7  8  9 10 11 |
---------------+----------------------------------+-----
Dodging        | 1 2 3 4 5 7 8 9 |  9.7
Fighting       | 4 5 6 7 8 9 |  9.6
Armour         | 4 5 6 7 8 9 |  9.6
Maces & Flails | 3 4 5 6 7 8 |  8.5
Shields        | |  3.2

Action                   |  1- 3 |  4- 6 |  7- 9 | 10-12 || total
-------------------------+-------+-------+-------+-------++-------
Melee: Flail             |   123 |   156 |       |       ||   279
       Whip              |       |    37 |   362 |   591 ||   990
Invok: Heroism           |       |       |       |     1 ||     1
  Use: Scroll            |       |       |       |    12 ||    12
       Potion            |       |       |       |     4 ||     4
Armor: Scale mail        |    28 |       |       |       ||    28
       Chain mail        |    50 |   165 |   120 |       ||   335
       Plate armour      |       |       |    77 |   311 ||   388
       Ring mail         |       |       |    12 |       ||    12
       Skin              |       |       |       |     3 ||     3
Dodge: Dodged            |    32 |    64 |    86 |   158 ||   340
Block: Kite shield       |    64 |   122 |   162 |   241 ||   589

Table legend: (Time is in decaauts)
 A = Elapsed time spent in this place.
 B = Non-inter-level travel time spent in this place.
 C = Inter-level travel time spent in this place.
 D = Time resting spent in this place.
 E = Time spent auto-exploring this place.
 F = Levels seen in this place.
 G = Mean time per level.
                   A        B        C        D        E       F      G
               +--------+--------+--------+--------+--------+-----+--------+
         Total |  14502 |  14261 |    241 |   4763 |   6672 |  11 | 1318.4 |
       Dungeon |  11948 |  11708 |    240 |   3532 |   5899 |   9 | 1327.6 |
        Temple |    255 |    255 |      0 |      0 |    225 |   1 |  255.0 |
          Lair |   2298 |   2298 |      0 |   1231 |    548 |   1 | 2298.0 |
               +--------+--------+--------+--------+--------+-----+--------+

Top non-repeatable levels by time:
  Lair:1: 2298 daAuts
     D:4: 2028 daAuts
     D:2: 1772 daAuts
     D:9: 1647 daAuts
     D:7: 1470 daAuts
     D:8: 1125 daAuts
     D:5: 1095 daAuts
     D:1: 1025 daAuts
     D:3: 952 daAuts
     D:6: 830 daAuts
  Temple: 255 daAuts
